 Dungeon Crawl Stone Soup version 0.27-a0-660-g90476cec82 (webtiles) character file.

Game seed: 16704908316038476546

1 MalarOregon the Caller (level 1, 0/11 HPs)
             Began as a Halfling Summoner on Mar 16, 2021.
             Slain by a jackal (3 damage)
             ... on level 1 of the Dungeon.
             The game lasted 00:00:45 (354 turns).

MalarOregon the Caller (Halfling Summoner)           Turns: 354, Time: 00:00:46

Health: 0/11       AC:  2    Str:  9    XL:     1   Next: 22%
Magic:  0/3        EV: 14    Int: 13    God:
Gold:   0          SH:  0    Dex: 14    Spells: 2/3 levels left

rFire    . . .     SeeInvis .   (weapon restricted)
rCold    . . .     Faith    .   (shield restricted)
rNeg     . . .     Spirit   .   a - +0 robe
rPois    .         Reflect  .   (no helmet)
rElec    .         Harm     .   (no cloak)
rCorr    .         Rampage  .   (no gloves)
Will     .....                  (no boots)
Stlth    ++........             (no amulet)
HPRegen  0.03/turn              (no ring)
MPRegen  0.08/turn              (no ring)

@: no status effects
A: small, no large weapons, mutation resistance 1
a: no special abilities


You were on level 1 of the Dungeon.
You visited 1 branch of the dungeon, and saw 1 of its levels.

Inventory:

Armour
 a - a +0 robe (worn)
Potions
 b - a potion of curing {unknown}


   Skills:
 + Level 0.0 Fighting
 + Level 2.2 Dodging
 - Level 2.1 Stealth
 + Level 1.5 Spellcasting
 * Level 3.3 Summonings


You had 2 spell levels left.
You knew the following spells:

 Your Spells              Type           Power      Damage    Failure   Level
a - Summon Small Mammal   Summ           36%        N/A       7%          1

Your spell library contained the following spells:

 Spells                   Type           Power      Damage    Failure   Level
 Call Imp                 Summ           9%         N/A       11%         2
 Call Canine Familiar     Summ           9%         N/A       21%         3
 Summon Guardian Golem    Hex/Summ       5%         N/A       38%         3
 Summon Ice Beast         Ice/Summ       5%         N/A       80%         4
 Summon Lightning Spire   Summ/Air       5%         N/A       80%         4


Dungeon Overview and Level Annotations

Branches:
Dungeon (1/15)

Altars:


Innate Abilities, Weirdness & Mutations

You are small and have problems with some larger weapons.
You are somewhat resistant to further mutation.


Message History

Found a stone staircase leading down.
A jackal is nearby!
The jackal barks!
A jackal comes into view.
The jackal moves out of view.
The jackal barks!
You hear a shout!
A goblin comes into view.
The jackal closely misses your rat. The jackal barely misses you.
The jackal barely misses your rat. The jackal completely misses you.
The jackal bites your rat.
Your rat bites the jackal.
Your bat barely misses the jackal.
The jackal bites you. The jackal bites your rat.
Your rat dies!
Your rat's corpse disappears in a puff of smoke!
The jackal barely misses you.
You closely miss the jackal.
Your bat hits the jackal but does no damage.
The jackal misses you. The jackal bites you.
Your bat hits the jackal. You miss the jackal.
Your bat misses the jackal. x2; The jackal bites you. x2
The jackal closely misses you.
You miss the jackal. Your bat hits the jackal. The jackal barely misses you.
Your bat hits the jackal. The jackal misses you.
The jackal bites you but does no damage.
You hit the jackal but do no damage.
Your bat barely misses the jackal.
Your bat hits the jackal.
Your bat closely misses the jackal.
The jackal bites your bat. The jackal barely misses you.
You hit the jackal but do no damage.
Your bat hits the jackal but does no damage.
The jackal barely misses you.
Your bat hits the jackal but does no damage.
The jackal barely misses you. The jackal completely misses your bat.
You hit the jackal.
You kill the jackal!
The jackal completely misses you. The jackal bites you.
* * * LOW HITPOINT WARNING * * *
Your bat hits the jackal. You completely miss the jackal.
Your bat barely misses the jackal.
The jackal barely misses you.
You barely miss the jackal.
Your bat barely misses the jackal.
The jackal bites you.
* * * LOW HITPOINT WARNING * * *
Your bat barely misses the jackal.
The jackal closely misses you.
You closely miss the jackal. Your bat hits the jackal.
The jackal closely misses you.
You hit the jackal but do no damage.
Your bat hits the jackal but does no damage.
The jackal barely misses you.
Your bat barely misses the jackal.
Your bat barely misses the jackal.
The jackal bites you.
You die...

####....... .......... #
#.##g... #.##.##.....
##############.....#.# .#
..#...≈≈≈≈...####....##.#
..#..........####.....#.#
..#....≈≈....#8.###...#.#
###..........'bb@hg...#.#
♣.'..........'..b##.#...#
.♣#..........'...##.##..#
.♣#....§≈....#8.###..#..###
♣♣#......§§..#### ##......#
♣ #...§≈≈§§..# #......#
############# #......#
#..##..######......#
#..........#####.###


You could see a jackal (ally target), a goblin and 3 friendly bats.

Vanquished Creatures
  A jackal (D:1)
1 creature vanquished.

Vanquished Creatures (collateral kills)
  A hobgoblin (D:1)
1 creature vanquished.

Grand Total: 2 creatures vanquished

Notes
Turn   | Place    | Note
-------+----------+-------------------------------------------
     0 | D:1      | MalarOregon the Halfling Summoner began the quest for the
                  | Orb.
     0 | D:1      | Reached XP level 1. HP: 11/11 MP: 3/3
   354 | D:1      | Slain by a jackal

Illustrated notes

Levels and vault maps discovered:
D:1:      scummos_arrival_gate, layout_rooms

Action                   || total
-------------------------++-------
Melee: Unarmed           ||    21
 Cast: Summon Small Mamm ||     7
 Stab: Distracted        ||     3
Armor: Robe              ||     1
Dodge: Dodged            ||    22

Table legend: (Time is in decaauts)
 A = Elapsed time spent in this place.
 B = Non-inter-level travel time spent in this place.
 C = Inter-level travel time spent in this place.
 D = Time resting spent in this place.
 E = Time spent auto-exploring this place.
 F = Levels seen in this place.
 G = Mean time per level.
                   A        B        C        D        E       F      G
               +--------+--------+--------+--------+--------+-----+--------+
         Total |    354 |    328 |     26 |    232 |     34 |   1 |  354.0 |
       Dungeon |    354 |    328 |     26 |    232 |     34 |   1 |  354.0 |
               +--------+--------+--------+--------+--------+-----+--------+

Top non-repeatable levels by time:
     D:1: 354 daAuts
